AoeStats
← Green Assassin

Arabia

506247896Analyzed
4v4 RM · 18d ago on Sep 12, 2026· 56m 6s· 8 players
Game mode
Random Map
Map size
Large (8 player)
Population
200
Speed
Normal
Resources
Standard
Victory
Conquest
Starting age
Dark Age
Ending age
Imperial Age
RankedLock teamsTeams togetherTeam positionsShared explorationLock speedFull tech treeHidden civsTurbo modeCheats
Victory
Defeat
🇦🇷 Gurjaras · Argentina
1159
+16
🇦🇷 Britons · Argentina
1152
+17
🇦🇷 Khmer · Argentina
1147
+17
🇦🇷 Ethiopians · Argentina
1146
+17
🇩🇪 Berbers · Germany
1186
-17
🇹🇷 Goths · Türkiye
1174
-17
🇨🇦 Inca · Canada
1164
-17
🇦🇷 Wei · Argentina
1144
-16
Capiango2.0
9:30 Feudal Age
13:15 Castle Age
12:20 Loom
12:23 Double-Bit Axe
15:14 Horse Collar
22:52 Bow Saw
23:07 Heavy Plow
25:19 Wheelbarrow
26:51 Devotion
26:59 Scale Barding Armor
27:21 Hand Cart
28:06 Husbandry
28:16 Bloodlines
28:30 Chain Barding Armor
28:22 Forging
30:56 Tusk Swords
31:33 Iron Casting
33:17 Town Watch
38:51 Imperial Age
39:29 Scale Mail Armor
39:47 Double Crossbow
40:08 Conscription
40:34 Crop Rotation
39:58 Man-at-Arms
40:23 Arson
40:55 Chain Mail Armor
41:41 Blast Furnace
40:36 Heavy Scorpion
42:22 Chemistry
41:43 Ballistics
41:12 Long Swordsman
41:50 Capped Ram
41:55 Two-Handed Swordsman
47:05 Siege Engineers
50:22 Capped Ram
52:05 Siege Ram
55:22 Light Cavalry
Joaquin_AoE
1:06 Loom
11:41 Feudal Age
18:41 Castle Age
27:26 Fletching
54:46 Wheelbarrow
54:34 Forging
54:25 Scale Mail Armor
54:35 Squires
ELDIOSCHICHOLIN
0:27 Loom
11:03 Feudal Age
18:47 Castle Age
18:36 Fletching
21:58 Husbandry
23:01 Wheelbarrow
26:57 Hand Cart
28:55 Double-Bit Axe
29:01 Gold Mining
32:12 Bodkin Arrow
32:30 Town Watch
39:53 Bow Saw
39:25 Horse Collar
40:09 Scale Barding Armor
44:04 Imperial Age
42:36 Stone Mining
43:34 Padded Archer Armor
42:56 Elite Skirmisher
43:43 Thumb Ring
47:58 Chemistry
47:19 Ballistics
47:10 Fortified Wall
47:49 Bracer
48:05 Leather Archer Armor
55:29 Conscription
DT.Bilardo
8:49 Loom
11:02 Feudal Age
12:17 Double-Bit Axe
16:00 Fletching
16:59 Padded Archer Armor
22:45 Castle Age
22:59 Crossbowman
25:17 Bodkin Arrow
27:40 Leather Archer Armor
33:10 Ballistics
36:38 Imperial Age
36:39 Scale Mail Armor
36:51 Forging
39:01 Arbalester
40:38 Chain Mail Armor
41:09 Bracer
42:49 Chemistry
42:44 Conscription
51:48 Elite Shotel Warrior
53:14 Bow Saw
53:28 Horse Collar
54:00 Royal Heirs
56:33 Plate Mail Armor
56:39 Iron Casting
p0psicle
1:56 Loom
10:13 Feudal Age
12:03 Champi Runner
15:34 Arson
18:18 Scale Mail Armor
18:55 Horse Collar
19:01 Double-Bit Axe
22:39 Castle Age
21:35 Forging
22:48 Champi Warrior
26:12 Heavy Plow
26:26 Bow Saw
26:32 Squires
26:49 Chain Mail Armor
29:08 Iron Casting
30:08 Pikeman
31:27 Fletching
39:05 Imperial Age
39:19 Wheelbarrow
38:29 Town Watch
41:55 Halberdier
43:07 Plate Mail Armor
44:22 Blast Furnace
45:09 Conscription
44:39 Elite Champi Warrior
MuhafıZ
11:42 Feudal Age
14:27 Wheelbarrow
13:40 Double-Bit Axe
15:22 Fishing Lines
18:07 Loom
21:17 Castle Age
21:07 Scale Mail Armor
23:17 Stone Mining
26:06 Imperial Age
25:16 Hand Cart
26:41 Anarchy
27:00 Chain Mail Armor
27:00 Forging
26:46 Gold Mining
27:20 Bow Saw
28:18 Gillnets
29:53 Pikeman
30:34 Squires
30:58 Perfusion
31:46 Iron Casting
32:33 Elite Huskarl
36:29 Halberdier
43:37 Man-at-Arms
46:13 Blast Furnace
45:56 Long Swordsman
48:51 Town Watch
49:52 Two-Handed Swordsman
Green Assassin
0:27 Loom
11:51 Feudal Age
21:10 Castle Age
19:24 Double-Bit Axe
20:03 Fletching
20:00 Horse Collar
21:40 Wheelbarrow
22:22 Bodkin Arrow
23:04 Bow Saw
23:52 Ballistics
23:36 Husbandry
24:28 Arson
27:43 Thumb Ring
29:18 Hand Cart
28:56 Gold Mining
29:10 Padded Archer Armor
33:17 Bloodlines
33:54 Murder Holes
42:33 Heavy Plow
47:34 Imperial Age
45:37 Kasbah
48:24 Bracer
49:05 Maghrebi Camels
50:17 Conscription
51:14 Chemistry
50:51 Siege Engineers
diavolomagro
7:27 Loom
9:57 Feudal Age
13:58 Double-Bit Axe
15:09 Horse Collar
23:39 Castle Age
31:22 Bow Saw
35:38 Wheelbarrow
34:57 Gold Mining
38:12 Scale Barding Armor
38:20 Tuntian
48:49 Hand Cart
48:20 Town Watch
50:39 Scale Barding Armor
50:45 Forging
51:56 Chain Barding Armor
52:49 Iron Casting
54:30 Heavy Plow
55:06 Gold Shaft Mining
54:23 Stone Mining
Connection lost

Rejoining the realm…

Still unreachable

The connection could not be restored.

Session expired

The server has moved on; the page needs a fresh start.